 Dungeon Crawl Stone Soup version 0.20.1-1-g8b1a95d (webtiles) character file.

10425 Monsterracer the Geomancer (level 11, -4/67 HPs)
             Began as a Gargoyle Earth Elementalist on Sept 10, 2017.
             Was a Believer of Ashenzari.
             Slain by a gargoyle
             ... wielding a +0 dire flail
              (19 damage)
             ... on level 10 of the Dungeon.
             The game lasted 00:30:18 (15584 turns).

Monsterracer the Geomancer (GrEE)                  Turns: 15584, Time: 00:30:19

Health: -4/67      AC: 11    Str: 11    XL:     11   Next: 61%
Magic:  1/22       EV: 12    Int: 20    God:    Ashenzari [**....]
Gold:   532        SH:  0    Dex: 10    Spells: 13/25 levels left

rFire    . . .     SeeInvis .   f - +0 club (vamp) (curse)
rCold    . . .     Gourm    .   (no shield)
rNeg     + . .     Faith    .   c - +1 robe (curse)
rPois    ∞         Spirit   .   g - +0 helmet (curse)
rElec    +         Reflect  .   (no cloak)
rCorr    .         Harm     +   (no gloves)
MR       .....                  (no boots)
Stlth    ++........             u - amulet of harm (curse)
Regen    0.3/turn               y - ring of ice (curse)
MPRegen  0.2/turn               j - ring of fire (curse)

@: no status effects
A: negative energy resistance 1, electricity resistance, wild magic 1,
unbreathing, petrification resistance, rot immunity, AC +7
a: Curse Item, Scrying, Renounce Religion


You were on level 10 of the Dungeon.
You worshipped Ashenzari.
Ashenzari was pleased with you.
You were not hungry.

You visited 1 branch of the dungeon, and saw 10 of its levels.

You collected 532 gold pieces.

Inventory:

Hand Weapons
 f - a cursed +0 vampiric club (weapon)
 t - a +5 mace of protection
Missiles
 b - 207 stones (quivered)
Armour
 c - a cursed +1 robe (worn)
 g - a cursed +0 helmet (worn)
 B - a +0 shield
 E - a cursed +0 ring mail
Jewellery
 j - a cursed ring of fire (right hand)
 n - the ring "Lublia" {Str+4 Stlth-}
   (You found it on level 6 of the Dungeon)

   [ring of loudness]

   It affects your strength (+4).
   It makes you less stealthy.
 r - an uncursed ring of resist corrosion
 u - a cursed amulet of harm (around neck)
 y - a cursed ring of ice (left hand)
 D - an uncursed ring of magical power
 G - a +3 amulet of reflection
Wands
 p - a wand of iceblast (12/15)
 s - a wand of lightning (7/15)
Scrolls
 e - 2 scrolls of teleportation
 h - a scroll of fog
 q - 3 scrolls of amnesia
 w - a scroll of magic mapping
Potions
 a - 6 potions of curing
 i - a potion of cancellation
 m - 2 potions of brilliance
 o - 2 potions of heal wounds
 v - 2 potions of lignification
 x - a potion of haste
 z - a potion of invisibility
 A - a potion of flight {unknown}
Comestibles
 d - 8 bread rations
 k - 14 fruits
 l - 4 meat rations
 C - a royal jelly


   Skills:
 + Level 7.2 Fighting
 - Level 4.9(7.1) Maces & Flails
 - Level 1.5 Dodging
 - Level 2.1 Stealth
 + Level 7.5 Spellcasting
 + Level 8.2(10.5) Conjurations
 + Level 1.7(3.4) Translocations
 - Level 0.7(1.9) Transmutations
 * Level 13.5(15.4) Earth Magic


You had 13 spell levels left.
You knew the following spells:

 Your Spells              Type           Power        Failure   Level  Hunger
a - Sandblast             Erth           ######       1%          1    None
c - Stone Arrow           Conj/Erth      ######       1%          3    None
d - Lee's Rapid Deconstr  Erth           ######....   1%          5    #####..
e - Passwall              Tmut/Erth      ######....   1%          2    None
z - Apportation           Tloc           ####..       4%          1    None


Dungeon Overview and Level Annotations

Branches:
Dungeon (10/15)            Temple (0/1) D:5            Lair (0/6) D:9
    Orc (0/2) D:9

Altars:
Ashenzari
Elyvilon
Fedhas
Gozag
Hepliaklqana
Kikubaaqudgha
Makhleb
Okawaru
Trog
Uskayaw
Vehumet
Yredelemnul

Shops:
D:9 :


Innate Abilities, Weirdness & Mutations

You are resistant to torment.
Your stone body is resilient. (AC +7)
You are immune to poison.
You resist negative energy. (rN+)
You are resistant to electric shocks. (rElec)
You can survive without breathing.
You are immune to petrification.
You are immune to rotting.
Your spells are a little harder to cast, but a little more powerful.


Message History

Unknown command.
Casting: Stone Arrow
Confirm with . or Enter, or press ? or * to list all spells.
Aiming: Sandblast
Press: ? - help, Shift-Dir - straight line, f/p - gargoyle
Aim: a gargoyle, wielding a dire flail (almost destroyed)
The blast of sand hits the gargoyle.
The gargoyle is almost destroyed.
b - 207 stones
* * * LOW MAGIC WARNING * * *
The gargoyle hurls a stone arrow at you.
The stone arrow hits you!
Huge Dmg: -14%(-9hp) hp: 51%(34hp)
The gargoyle hurls a stone arrow at you.
The stone arrow hits you!
* * * LOW HITPOINT WARNING * * *
Items here: )) [[ †† Huge Dmg: -28%(-19hp) hp: 23%(15hp)
The gargoyle hits you with a dire flail!
You die...

....# ,,#...#........#,
....# , #...#..).....#,
....+,,, *#..##.)##...# *
* ...##.... #..##.[## ..#*
...##....##...#.÷.#,,.. ,
....+....#....#)..# ,., ,
....#....#.......## *** *
...##....##...#.)## *
...##....##..##÷@.# , , ,
...##....##).##9).# ,, *
....#............## , *
....)...)........##.., ,,
>..##....##'###.........,,
**
########'##..##......... ,
...##....##............. ,
,
...#.....#..............,
...##....#.......##....#


You could see a gargoyle.

Vanquished Creatures
  A hydra (D:9)
  A two-headed ogre (D:8)
  Grinder (D:6)
  The ghost of Chisa the Conjurer, an amateur DrCj (D:5)
  The ghost of Monsterracer the Firebug, an amateur DrFE (D:3)
  3 hippogriffs
  Prince Ribbit (D:6)
  2 wyverns (D:9)
  14 yaks
  2 humans (D:9)
  A hungry ghost (D:9)
  Menkaure (D:4)
  A hornet zombie (D:5)
  3 porcupines (D:9)
  3 orc warriors
  A sky beast (D:9)
  An ice beast (D:9)
  6 phantoms
  A black bear (D:9)
  7 ogres
  3 wolves (D:9)
  A centaur (D:7)
  4 crocodiles (D:9)
  4 bullfrogs
  A scorpion (D:9)
  4 killer bees
  5 howler monkeys (D:8)
  4 crimson imps
  5 hounds
  A quasit (D:8)
  2 jellies
  10 orc priests
  2 centaur skeletons
  14 orc wizards
  3 iguanas
  Ijyb (D:4)
  3 worker ants
  3 hound zombies
  A hound skeleton (D:4)
  2 worker ant zombies
  Robin (D:4)
  A howler monkey zombie (D:10)
  6 adders
  A howler monkey skeleton (D:4)
  A shadow imp (D:10)
  An adder skeleton (D:6)
  3 worms
  7 dart slugs
  9 leopard geckos
  56 orcs
  4 ball pythons
  11 giant cockroaches
  22 goblins
  13 hobgoblins
  8 jackals
  3 quokkas
  9 bats
  6 frilled lizards
  A jackal zombie (D:7)
  5 kobolds
  A leopard gecko skeleton (D:8)
  9 rats
303 creatures vanquished.

Notes
Turn   | Place    | Note
-------+----------+-------------------------------------------
     0 | D:1      | Monsterracer the Gargoyle Earth Elementalist began the quest for the Orb.
     0 | D:1      | Reached XP level 1. HP: 10/10 MP: 3/3
    34 | D:1      | HP: 4/10 [dart slug/slug dart (6)]
   306 | D:1      | Reached skill level 4 in Earth Magic
   437 | D:1      | Reached XP level 2. HP: 15/15 MP: 3/5
   441 | D:1      | Learned a level 2 spell: Passwall
  1043 | D:1      | Reached XP level 3. HP: 11/19 MP: 6/6
  1048 | D:1      | Learned a level 3 spell: Stone Arrow
  1657 | D:1      | HP: 7/19 [adder (3)]
  1999 | D:2      | Found a shattered altar of Ashenzari.
  2000 | D:2      | Found a blossoming altar of Fedhas.
  2079 | D:3      | Reached skill level 1 in Conjurations
  2079 | D:3      | Reached skill level 5 in Earth Magic
  2079 | D:3      | Reached XP level 4. HP: 24/24 MP: 3/8
  2705 | D:3      | Noticed Monsterracer's ghost (amateur DrFE)
  2713 | D:2      | Found an opulent altar of Gozag.
  2713 | D:2      | Found a basalt altar of Yredelemnul.
  2741 | D:2      | Became a worshipper of Ashenzari the Shackled
  3627 | D:3      | Reached XP level 5. HP: 23/28 MP: 6/9
  3807 | D:3      | Found an ancient bone altar of Kikubaaqudgha.
  3855 | D:3      | Reached skill level 6 in Earth Magic
  3898 | D:3      | HP: 1/28 [Monsterracer's ghost/flame tongue (23)]
  3917 | D:4      | Found a white marble altar of Elyvilon.
  4271 | D:4      | Reached XP level 6. HP: 30/32 MP: 8/11
  4548 | D:4      | Noticed Robin
  4548 | D:4      | Noticed Menkaure
  4549 | D:4      | Noticed Ijyb
  4702 | D:2      | Learned a level 5 spell: Lee's Rapid Deconstruction
  4808 | D:3      | HP: 23/48 [Monsterracer's ghost/flame tongue (18)]
  4813 | D:3      | HP: 20/48 [Monsterracer's ghost (2)]
  5232 | D:3      | Found a hide-covered altar of Uskayaw.
  5369 | D:4      | Killed Menkaure
  5369 | D:4      | Reached skill level 7 in Earth Magic
  5405 | D:4      | Killed Robin
  5405 | D:4      | Reached XP level 7. HP: 20/36 MP: 0/12
  5411 | D:4      | HP: 17/36 [Ijyb (3)]
  5416 | D:4      | HP: 14/36 [Ijyb (2)]
  5426 | D:4      | HP: 12/36 [goblin/dagger[Robin] (1)]
  5433 | D:4      | HP: 10/36 [Ijyb (3)]
  5439 | D:4      | Killed Ijyb
  5703 | D:4      | HP: 12/37 [orc wizard/magic dart (8)]
  6073 | D:4      | Reached skill level 1 in Fighting
  6086 | D:4      | HP: 18/38 [quokka (3)]
  6092 | D:4      | HP: 14/38 [quokka (1)]
  6098 | D:4      | HP: 10/38 [quokka (2)]
  6104 | D:4      | HP: 9/38 [quokka (2)]
  6122 | D:3      | HP: 9/38 [quokka (2)]
  6475 | D:3      | Killed Monsterracer's ghost
  6579 | D:4      | Reached skill level 8 in Earth Magic
  6579 | D:4      | Reached XP level 8. HP: 34/45 MP: 0/14
  6933 | D:5      | Entered Level 5 of the Dungeon
  7035 | D:5      | Noticed Chisa's ghost (amateur DrCj)
  7289 | D:5      | Found a staircase to the Ecumenical Temple.
  7550 | D:5      | Found a burning altar of Makhleb.
  7966 | D:5      | HP: 16/45 [Chisa's ghost/magic dart (8)]
  8211 | D:5      | HP: 19/46 [Chisa's ghost/magic dart (7)]
  8429 | D:5      | Killed Chisa's ghost
  8577 | D:5      | Reached skill level 5 in Spellcasting
  8678 | D:5      | Reached skill level 9 in Earth Magic
  8998 | D:5      | Found a radiant altar of Vehumet.
  9002 | D:5      | Found a hazy altar of Hepliaklqana.
  9002 | D:5      | Found a bloodstained altar of Trog.
  9094 | D:5      | Reached skill level 5 in Conjurations
  9205 | D:5      | Reached * piety under Ashenzari
  9391 | D:6      | Noticed Prince Ribbit
  9401 | D:6      | Killed Prince Ribbit
  9401 | D:6      | Reached XP level 9. HP: 52/52 MP: 6/17
  9411 | D:6      | Noticed Grinder
  9419 | D:6      | Killed Grinder
  9528 | D:6      | Reached skill level 10 in Earth Magic
  9897 | D:6      | Identified the ring "Lublia" {Str+4 Stlth-}
 10328 | D:7      | Reached skill level 1 in Maces & Flails
 11450 | D:8      | Reached skill level 5 in Fighting
 11752 | D:8      | Noticed a two-headed ogre
 11754 | D:8      | HP: 26/54 [two-headed ogre/giant spiked club (28)]
 11755 | D:8      | Killed a two-headed ogre
 11755 | D:8      | Reached skill level 11 in Earth Magic
 11755 | D:8      | Reached XP level 10. HP: 29/60 MP: 9/19
 12085 | D:8      | Reached ** piety under Ashenzari
 12454 | D:8      | Learned a level 1 spell: Apportation
 12643 | D:9      | Found Emips's Book Shoppe.
 12680 | D:9      | Found a staircase to the Lair.
 12728 | D:9      | HP: 30/60 [killer bee (7)]
 12733 | D:9      | HP: 16/60 [killer bee (3)]
 13001 | D:9      | Noticed a four-headed hydra
 13009 | D:9      | Killed a four-headed hydra
 13009 | D:9      | Reached skill level 12 in Earth Magic
 13688 | D:9      | Reached XP level 11. HP: 62/66 MP: 11/21
 13721 | D:9      | HP: 30/66 [wolf (8)]
 13734 | D:9      | HP: 27/66 [orc wizard/magic dart (6)]
 13742 | D:9      | HP: 26/66 [phantom (3)]
 13803 | D:9      | Found a staircase to the Orcish Mines.
 14154 | D:9      | Gained mutation: You are resistant to hostile enchantments. (MR+) [mutagenic meat]
 14155 | D:9      | Lost mutation: You are resistant to hostile enchantments. (MR+) [mutagenic meat]
 14156 | D:9      | Gained mutation: Your spells are a little harder to cast, but a little more powerful. [mutagenic meat]
 14485 | D:9      | Found an iron altar of Okawaru.
 14513 | D:9      | Reached skill level 13 in Earth Magic
 14702 | D:10     | Entered Level 10 of the Dungeon
 15056 | D:10     | Reached skill level 1 in Translocations
 15583 | D:10     | HP: 15/67 [gargoyle/stone arrow (19)]
 15584 | D:10     | Slain by a gargoyle

Skill      XL: |  1  2  3  4  5  6  7  8  9 10 11 |
---------------+----------------------------------+-----
Earth Magic    | 4 5 6 7 8 9 11 12 13 | 13.5
Conjurations   | 1 2 3 4 5 6 7 8 |  8.2
Spellcasting   | 3 4 5 6 7 |  7.5
Fighting       | 2 4 5 6 7 |  7.2
Maces & Flails | 2 4 |  4.9
Translocations | 1 |  1.7
Dodging        | |  1.5
Stealth        | |  2.1
Transmutations | |  0.7

Action                   |  1- 3 |  4- 6 |  7- 9 | 10-12 || total
-------------------------+-------+-------+-------+-------++-------
Melee: Unarmed           |    27 |       |     2 |       ||    29
       Club              |    79 |   239 |   257 |   101 ||   676
 Cast: Sandblast         |    15 |    62 |    46 |    22 ||   145
       Stone Arrow       |     2 |    12 |    93 |    98 ||   205
       Lee's Rapid Decon |       |     1 |     6 |    14 ||    21
Invok: Curse Item        |       |     1 |     1 |     1 ||     3
  Use: Scroll            |       |    11 |     5 |     2 ||    18
       Potion            |       |     1 |       |       ||     1
 Stab: Sleeping          |     3 |     4 |     2 |       ||     9
       Distracted        |       |       |     1 |       ||     1
  Eat: Chunk             |     4 |    11 |    20 |    22 ||    57
       Fruit             |       |     1 |     8 |       ||     9
Armor: Robe              |    38 |   112 |   168 |    76 ||   394
       Skin              |       |       |     1 |       ||     1
Dodge: Dodged            |    83 |   232 |   261 |    96 ||   672
